 Dungeon Crawl Stone Soup version 0.28-a0-533-g9f97627e2a (webtiles) character file.

Game seed: 7668349753908830496

102 speeev33 the Covered (level 4, -1/29 HPs)
             Began as a Gargoyle Fighter on Sept 26, 2021.
             Killed from afar by Sigmund (2 damage)
             ... with a magic dart
             ... on level 2 of the Dungeon.
             The game lasted 00:03:01 (2817 turns).

speeev33 the Covered (Gargoyle Fighter)             Turns: 2817, Time: 00:03:01

Health: -1/29      AC: 11    Str: 21    XL:     4   Next: 78%
Magic:  4/4        EV:  9    Int:  8    God:
Gold:   46         SH:  4    Dex:  9    Spells: 3/3 levels left

rFire   . . .      SeeInvis .   a - +0 flail
rCold   . . .      Faith    .   c - +0 buckler
rNeg    + . .      Spirit   .   b - +0 scale mail
rPois   ∞          Reflect  .   (no helmet)
rElec   +          Harm     .   (no cloak)
rCorr   .          Rampage  .   (no gloves)
Will    .....                   h - +0 pair of boots
Stlth   ..........              (no amulet)
HPRegen 0.09/turn               (no ring)
MPRegen 0.09/turn               (no ring)

@: mighty
A: sickness immunity, AC +3, negative energy resistance 1, electricity
resistance, torment resistance 1, petrification resistance
a: no special abilities


You were on level 2 of the Dungeon.
You visited 1 branch of the dungeon, and saw 2 of its levels.

You collected 46 gold pieces.

Inventory:

Hand Weapons
 a - a +0 flail (weapon)
Armour
 b - a +0 scale mail (worn)
 c - a +0 buckler (worn)
 h - a +0 pair of boots (worn)
Jewellery
 g - a ring of ice
Scrolls
 e - 2 scrolls of identify
 f - 2 scrolls of teleportation
Potions
 d - a potion of might


   Skills:
 + Level 4.1 Fighting
 + Level 3.0 Maces & Flails
 + Level 4.1 Armour
 - Level 4.0 Shields


You had 3 spell levels left.
You didn't know any spells.
Your spell library was empty.

Dungeon Overview and Level Annotations

Branches:
Dungeon (2/15)

Altars:
Sif Muna

Annotations:
D:2 Sigmund


Innate Abilities, Weirdness & Mutations

You are immune to sickness and miasma.
Your stone body is resilient. (AC +3)
You are immune to poison.
You resist negative energy. (rN+)
You are resistant to electric shocks. (rElec)
You are resistant to unholy torment.
You are immune to petrification.


Message History

You are confused.
You nearly stumble into some deep water!
You hear some strange, mumbled words.
You are more confused.
You closely miss something. Something hits you but does no damage.
You nearly stumble into some deep water!
Something hits you but does no damage.
You closely miss something.
You nearly stumble into some deep water!
Something hits you but does no damage.
You nearly stumble into some deep water!
Something hits you but does no damage.
You barely miss something. Something hits you but does no damage.
You miss something. You miss something. Something hits you but does no damage.
You bump into the metal wall.
Something hits you!
* * * LOW HITPOINT WARNING * * *
You miss something. Something hits you but does no damage.
You miss something.
You feel less confused.
You hear some strange, mumbled words.
You are confused.
A magic dart appears from out of thin air!
The magic dart hits you but does no damage.
Sigmund appears from thin air!
Reactivating autopickup.
Sigmund points at you and mumbles some strange words.
The magic dart hits you!
* * * LOW HITPOINT WARNING * * *
You bump into the metal wall.
Sigmund mumbles some strange words.
Sigmund flickers and vanishes!
Deactivating autopickup; reactivate with Ctrl-A.
Something hits you but does no damage.
You bump into the metal wall.
You feel less confused.
You hear some strange, mumbled words.
A magic dart appears from out of thin air!
The magic dart hits you.
You die...

≈.....#
#⌠#.....≈#........
≈.####
#######.≈#........
#######†≈#.......#
$
#⌠#.....≈#########
.. ##......≈# ...
#......≈≈# ≈...
#.....≈≈## ≈≈...
#....≈≈##
#≈≈...##@..≈≈##
#≈≈...{..≈≈##
##≈≈≈≈≈≈≈≈##
##########


There were no monsters in sight!

Vanquished Creatures
  Natasha (D:2)
  An adder (D:2)
  A worm (D:2)
  3 dart slugs
  10 ball pythons
  4 endoplasms
  3 giant cockroaches (D:1)
  3 goblins
  4 hobgoblins
  3 jackals (D:1)
  4 kobolds (D:1)
  5 quokkas
  7 bats
  3 frilled lizards
  6 rats
58 creatures vanquished.

Notes
Turn   | Place    | Note
-------+----------+-------------------------------------------
     0 | D:1      | speeev33 the Gargoyle Fighter began the quest for the Orb.
     0 | D:1      | Reached XP level 1. HP: 14/14 MP: 1/1
    44 | D:1      | Reached XP level 2. HP: 5/19 MP: 2/2
   424 | D:1      | Found a faded altar of an unknown god.
   774 | D:1      | Reached XP level 3. HP: 23/23 MP: 3/3
  2073 | D:2      | Reached XP level 4. HP: 19/29 MP: 4/4
  2270 | D:2      | Found a shimmering blue altar of Sif Muna.
  2378 | D:2      | Noticed Natasha
  2586 | D:2      | Killed Natasha
  2783 | D:2      | Noticed Sigmund
  2813 | D:2      | HP: 1/29 [Sigmund/magic dart (7)]
  2817 | D:2      | Killed from afar by Sigmund

Illustrated notes

Levels and vault maps discovered:
D:1:      elethiomel_arrival_maze, layout_loops_cross,
          ebering_ecumenical_altar_hall, minmay_split_cup_large
D:2:      layout_rooms, basic_altar, kennysheep_cross_room,
          minmay_shallow_snake_nest, uniq_natasha, uniq_sigmund

Skill      XL: |  1  2  3  4 |
---------------+-------------+-----
Shields        | 4 |  4.0
Fighting       | 4 |  4.1
Armour         | 4 |  4.1
Maces & Flails | 3 |  3.0

Action                   |  1- 3 |  4- 6 || total
-------------------------+-------+-------++-------
Melee: Flail             |   154 |    46 ||   200
       Unarmed           |       |     4 ||     4
  Use: Scroll            |     3 |       ||     3
       Potion            |       |     1 ||     1
Armor: Scale mail        |   111 |    26 ||   137
Dodge: Dodged            |   105 |    11 ||   116
Block: Buckler           |    48 |     9 ||    57

Table legend: (Time is in decaauts)
 A = Elapsed time spent in this place.
 B = Non-inter-level travel time spent in this place.
 C = Inter-level travel time spent in this place.
 D = Time resting spent in this place.
 E = Time spent auto-exploring this place.
 F = Levels seen in this place.
 G = Mean time per level.
                   A        B        C        D        E       F      G
               +--------+--------+--------+--------+--------+-----+--------+
         Total |   2864 |   2820 |     44 |   1106 |   1189 |   2 | 1432.0 |
       Dungeon |   2864 |   2820 |     44 |   1106 |   1189 |   2 | 1432.0 |
               +--------+--------+--------+--------+--------+-----+--------+

Top non-repeatable levels by time:
     D:1: 1895 daAuts
     D:2: 969 daAuts
